cohdb
Replays
Latest Replays
All Replays
Popular Replays
Top Player Replays
Match Explorer
How It Works
Community
CoH3 Stats
Reddit
Sign in to upload your games and track your stats! →
Sign in with Steam
Match 46357137
Unlisted
Match 46357137
Overview
Messages
Build Orders
End
Kradschützen Motorcycle Team
250 Light Carrier
Selects Italian Infantry
Construct Light Support Kompanie
Combat Half-tracks
MG34 Team
Fire Support Elements
Selects Defensive Operations
MG34 Team
Vehicle Survival Package
Panzerjäger Mechanized Group
Pak 38 Anti-tank Gun Team
Panzerjäger Squad
stediscus
[RM] - Strategist 2
CAuMOH
✠Kaiser✠ tushkan
0
0
Comments
sign in to comment!
No comments posted yet!